 Dungeon Crawl Stone Soup version 0.31-a0-702-gf82c85558f (webtiles) character file.

Game seed: 6904512263406530015

511 qw the Shooter (level 7, -2/43 HPs)
             Began as a Gargoyle Hunter on Sept 7, 2023.
             Slain by an orc
             ... wielding a +0 flail
              (3 damage)
             ... on level 5 of the Dungeon.
             The game lasted 00:01:23 (3169 turns).

qw the Shooter (Gargoyle Hunter)                    Turns: 3169, Time: 00:01:24

Health: -2/43      AC: 13    Str: 13    XL:     7   Next: 19%
Magic:  2/2        EV: 11    Int:  9    God:
Gold:   220        SH:  0    Dex: 15    Spells: 6/6 levels left

rFire   + . .        h - +3 sling "Giantbane" {antimagic, +Blink rF+ rC+ Str-2}
rCold   + . .        (no shield)
rNeg    + + .        m - +3 leather armour
rPois   inf          b - +0 helmet
rElec   +            (no cloak)
rCorr   +            (no gloves)
SInv    .            l - +0 pair of boots
Will    +....        (no amulet)
Stlth   ++           g - ring of positive energy
HPRegen 0.27/turn    a - ring "Bunoupn" {Wiz rCorr}
MPRegen 0.08/turn

%: wizardry (x1)
@: no status effects
A: sickness immunity, AC +4, negative energy resistance 1, electricity
resistance, torment resistance 1, petrification resistance, strong-willed 1,
sense surroundings 2, screaming 1
a: Evoke Blink


You were on level 5 of the Dungeon.
You visited 1 branch of the dungeon, and saw 5 of its levels.

You collected 220 gold pieces.


Innate Abilities, Weirdness & Mutations

You are immune to sickness and miasma.
Your stone body is resilient. (AC +4)
You are immune to poison.
You resist negative energy. (rN+)
You are resistant to electric shocks. (rElec)
You are resistant to unholy torment.
You are immune to petrification.
You are strong-willed. (Will+)
You passively map the area around you.
You occasionally shout uncontrollably at your foes.


   Skills:
 - Level 4.0 Fighting
 + Level 7.7 Ranged Weapons
 - Level 1.0 Armour
 - Level 1.5 Dodging
 - Level 1.1 Stealth


You had 6 spell levels left.
You didn't know any spells.
Your spell library was empty.

Inventory:

Hand Weapons
 f - a +0 shortbow
 h - the +3 sling "Giantbane" (weapon) {antimagic, +Blink rF+ rC+ Str-2}
   (You found it on level 2 of the Dungeon)

   Str-2:     It affects your strength (-2).
   rF+:       It protects you from fire.
   rC+:       It protects you from cold.
   +Blink:    It lets you blink.
Armour
 b - a +0 helmet (worn)
 l - a +0 pair of boots (worn)
 m - a +3 leather armour (worn)
Jewellery
 a - the ring "Bunoupn" (right hand) {Wiz rCorr}
   (You acquired it on level 1 of the Dungeon)

   [ring of wizardry]

   Wiz:       It improves your spell success rate.
   rCorr:     It protects you from acid and corrosion.
 g - a ring of positive energy (left hand)
Potions
 d - a potion of curing
 e - 2 potions of haste
 i - a potion of heal wounds {unknown}
 n - a potion of invisibility {unknown}

Dungeon Overview and Level Annotations

Branches:
Dungeon (5/15)
 Temple: D:4-7

Altars:
Makhleb
Nemelex Xobeh

Shops:
D:2 =


Message History

A quokka comes into view.
An orc comes into view. It is wielding a +0 falchion.
The ogre completely misses you.
You shoot a sling bullet. The sling bullet hits the ogre.
The ogre is severely wounded.
The orc misses you. The orc hits you but does no damage.
A hound comes into view.
You shoot a sling bullet. The sling bullet hits the ogre!
You kill the ogre!
The orc closely misses you. The orc barely misses you.
You have reached level 7!
You shoot a sling bullet. The sling bullet hits the orc.
The orc is severely wounded.
The orc hits you but does no damage. The orc barely misses you.
You shoot a sling bullet.
The sling bullet closely misses the orc.
The sling bullet hits the quokka.
The quokka is almost dead.
The orc hits you with a +0 flail. The orc hits you but does no damage.
You shoot a sling bullet.
The sling bullet closely misses the orc.
The sling bullet hits the quokka.
You kill the quokka!
The orc hits you but does no damage.
You shoot a sling bullet. The sling bullet hits the orc.
You kill the orc!
The hound bites you but does no damage. The orc misses you.
The orc hits you with a +0 falchion.
You shoot a sling bullet.
The sling bullet hits the hound but does no damage.
The hound bites you but does no damage. The orc barely misses you.
The orc hits you but does no damage. The hound bites you but does no damage.
You shoot a sling bullet.
The sling bullet barely misses the hound.
The hound bites you but does no damage. The orc hits you with a +0 flail.
The orc hits you but does no damage.
You shoot a sling bullet. The sling bullet hits the hound.
The hound is lightly wounded.
The hound closely misses you. The orc hits you with a +0 flail.
You die...

###########
#....<....#
#.........#
####.........##* *
#...........(..
#.#...........[ ,,,, *
####.............., ,
, ......#....h......
,,, *
###......@)...... ,
#######.#....oo......
, , * ,
.............##.##...
, , ...######.#.####
.# ..
..........#.####...*,,
, ,* ,
...######...........,,
, , , ,, #...<%####.,
.# ** * * #.#.### *
,*.# * ,* * #.#.# ,* ,
**


You could see a hound and 2 orcs.

Vanquished Creatures
  An ogre (D:5)
  2 scorpions (D:4)
  A hound (D:5)
  A jelly (D:5)
  Natasha (thrice) (D:2)
  3 adders
  2 ufetubi (D:4)
  4 worms
  2 dart slugs
  17 orcs
  7 bats
  4 endoplasms
  4 giant cockroaches
  11 goblins
  11 hobgoblins
  5 jackals
  5 quokkas
  5 ball pythons
  6 frilled lizards
  11 kobolds
  2 rats
107 creatures vanquished.

Notes
Turn   | Place    | Note
-------+----------+-------------------------------------------
     0 | D:1      | qw the Gargoyle Hunter began the quest for the Orb.
     0 | D:1      | Reached XP level 1. HP: 12/12 MP: 1/1
     0 | D:1      | 0 ||| qw: Version: 0.3-a-76-g4403597
     0 | D:1      | 0 ||| qw: Game counter: 851
     0 | D:1      | 0 ||| qw: Melee chars always use a shield: true
     0 | D:1      | 0 ||| qw: God list: Okawaru
     0 | D:1      | 0 ||| qw: Allow faded altars: false
     0 | D:1      | 0 ||| qw: Do Orc after clearing Dungeon:15 true
     0 | D:1      | 0 ||| qw: Do second Lair branch before Depths: true
     0 | D:1      | 0 ||| qw: Lair rune preference: random
     0 | D:1      | 0 ||| qw: Goals: Normal
     0 | D:1      | 0 ||| PLANNING D:1-11
    71 | D:1      | 71 ||| DRINKING 2 amethyst potions.
    86 | D:1      | Reached XP level 2. HP: 17/17 MP: 2/2
   228 | D:1      | 228 ||| Stepping ~*~*~tactically~*~*~ (outnumbered).
   393 | D:1      | Reached XP level 3. HP: 21/21 MP: 3/3
   574 | D:1      | Reached skill level 5 in Ranged Weapons
   760 | D:1      | Found a faded altar of an unknown god.
   965 | D:1      | 965 ||| UPGRADING to ring of positive energy.
   966 | D:1      | 966 ||| READING scroll labelled EKHLUNI VUOXIF.
   967 | D:1      | 967 ||| READING scroll labelled NOUMEA QUASTEMN.
   967 | D:1      | Identified a scroll of acquirement
   967 | D:1      | 967 ||| ACQUIRING ring "Bunoupn" {Wiz rCorr}
   967 | D:1      | Acquired the ring "Bunoupn" {Wiz rCorr}
   969 | D:1      | 969 ||| UPGRADING to ring "Bunoupn" {Wiz rCorr}.
   970 | D:1      | 970 ||| DROPPING scroll of butterflies.
  1059 | D:2      | Noticed Natasha
  1061 | D:2      | Killed Natasha
  1062 | D:2      | Reached skill level 3 in Fighting
  1062 | D:2      | Reached XP level 4. HP: 28/28 MP: 4/4
  1075 | D:2      | Found a sparkling altar of Nemelex Xobeh.
  1109 | D:2      | Noticed Natasha
  1124 | D:2      | Killed Natasha
  1195 | D:2      | Identified the +3 sling "Giantbane" {antimagic, +Blink rF+
                  | rC+ Str-2}
  1197 | D:2      | 1197 ||| SWAPPING to +3 sling "Giantbane" {antimagic,
                  | +Blink rF+ rC+ Str-2}.
  1261 | D:2      | Found Veargh's Jewellery Boutique.
  1269 | D:2      | 1269 ||| SHOPLISTING +4 ring of protection (360 gold, have
                  | 127).
  1269 | D:2      | 1269 ||| SHOPLISTING +4 ring of slaying (780 gold, have
                  | 127).
  1269 | D:2      | 1269 ||| SHOPLISTING +5 ring of evasion (360 gold, have
                  | 127).
  1269 | D:2      | 1269 ||| SHOPLISTING ring of willpower (250 gold, have
                  | 127).
  1525 | D:2      | Noticed Natasha
  1530 | D:2      | Killed Natasha
  1531 | D:2      | Reached XP level 5. HP: 32/32 MP: 1/5
  1758 | D:2      | 1758 ||| UPGRADING to +0 helmet.
  1763 | D:2      | 1763 ||| READING scroll labelled SUHEZAOGHA.
  1764 | D:2      | 1764 ||| READING scroll labelled COIBRU DURE.
  1765 | D:2      | 1765 ||| READING scroll labelled CAEL FUOZ YCKU.
  1766 | D:2      | 1766 ||| READING scroll labelled ITOEZI VAIPI.
  1868 | D:3      | Reached skill level 6 in Ranged Weapons
  2240 | D:3      | Reached skill level 1 in Armour
  2340 | D:3      | 2340 ||| READING scroll labelled OMOZIM XOMIGOU.
  2359 | D:4      | Found a burning altar of Makhleb.
  2534 | D:4      | Reached XP level 6. HP: 37/38 MP: 2/6
  3052 | D:4      | 3052 ||| UPGRADING to +0 ring mail.
  3062 | D:4      | 3062 ||| DROPPING +0 leather armour.
  3063 | D:4      | 3063 ||| UPGRADING to +0 pair of boots.
  3068 | D:4      | 3068 ||| UPGRADING to +3 leather armour.
  3078 | D:4      | 3078 ||| DROPPING +0 ring mail.
  3079 | D:4      | 3079 ||| READING scroll labelled TEUBASS BAMP.
  3080 | D:4      | 3080 ||| DRINKING 2 glowing yellow potions.
  3081 | D:4      | 3081 ||| DRINKING 2 glowing sapphire potions.
  3081 | D:4      | Gained mutation: You are agile. (Dex +4, Str/Int -1)
                  | [potion of mutation]
  3081 | D:4      | Gained mutation: You are frail. (-10% HP) [potion of
                  | mutation]
  3082 | D:4      | 3082 ||| DRINKING potion of mutation.
  3082 | D:4      | Lost mutation: You are frail. (-10% HP) [potion of
                  | mutation]
  3082 | D:4      | Lost mutation: You are agile. (Dex +4, Str/Int -1) [potion
                  | of mutation]
  3082 | D:4      | Gained mutation: You are strong-willed. (Will+) [potion of
                  | mutation]
  3082 | D:4      | Gained mutation: You occasionally shout uncontrollably at
                  | your foes. [potion of mutation]
  3082 | D:4      | Gained mutation: You passively map a small area around you.
                  | [potion of mutation]
  3082 | D:4      | Gained mutation: You passively map the area around you.
                  | [potion of mutation]
  3105 | D:5      | Entered Level 5 of the Dungeon
  3108 | D:5      | 3108 ||| STAIRDANCE
  3114 | D:4      | Reached skill level 7 in Ranged Weapons
  3159 | D:5      | HP: 2/38 [ogre/+0 giant spiked club (28)]
  3163 | D:5      | Reached XP level 7. HP: 3/43 MP: 2/7
  3164 | D:5      | HP: 3/43 [orc/+0 flail (1)]
  3168 | D:5      | HP: 1/43 [orc/+0 flail (2)]
  3169 | D:5      | Slain by an orc

Levels and vault maps discovered:
D:1:      lemuel_arrival_muddy, layout_loops_cross,
          hellmonk_ecumenical_altar_prayer_group, moated_statue,
          chequers_big_river, hangedman_abyss_or_decor_lesser_grid
D:2:      layout_loops_ring, serial_shops, shop, basic_altar, uniq_natasha
D:3:      layout_loops_cross, serial_glass, glass_columns_a, glass_columns_a,
          serial_bayou_pond_b
D:4:      layout_rooms, lemuel_round_altar, chequers_serial_rivers_room_b
D:5:      layout_loops_ring, uniq_grinder

Skill      XL: |  1  2  3  4  5  6 |
---------------+-------------------+-----
Ranged Weapons | 5 6 7 |  7.7
Fighting       | 3 4 |  4.0
Armour         | 1 |  1.0
Dodging        | |  1.5
Stealth        | |  1.1

Action                     |  1- 3 |  4- 6 |  7- 9 || total
---------------------------+-------+-------+-------++-------
   Fire: Shortbow          |   107 |    15 |       ||   122
         Sling             |       |   214 |     7 ||   221
    Use: Potion            |     1 |     3 |       ||     4
         Scroll            |     2 |     6 |       ||     8
 Armour: Leather armour    |    20 |    91 |    13 ||   124
  Dodge: Dodged            |    24 |    72 |     4 ||   100

Table legend:
 A = Non-vault XP
 B = Vault XP
 C = Vault XP percentage of total XP
 D = Non-vault monster count
 E = Vault monster count
 F = Vault count percentage of total count
                 A         B        C        D         E       F
            +---------+---------+-------+---------+---------+-------
      Total |     685 |      46 |   6.3 |     101 |       6 |   5.6
            +---------+---------+-------+---------+---------+-------
        D:1 |      48 |       0 |   0.0 |      28 |       0 |   0.0
        D:2 |     115 |      36 |  23.8 |      21 |       1 |   4.5
        D:3 |      50 |      10 |  16.7 |      19 |       5 |  20.8
        D:4 |     264 |       0 |   0.0 |      28 |       0 |   0.0
        D:5 |     208 |       0 |   0.0 |       5 |       0 |   0.0
            +---------+---------+-------+---------+---------+-------
